 Dungeon Crawl Stone Soup version 0.24.0-13-gcf9b319 (webtiles) character file.

Game seed: 16657556660931653586, levelgen mode: deterministic

123405 Fang the Peltast (level 16, -3/110 HPs)
             Began as a Gargoyle Fighter on Jan 2, 2020.
             Was the Champion of Trog.
             Slain by a guardian serpent (12 damage)
             ... on level 3 of the Snake Pit.
             The game lasted 00:36:58 (25292 turns).

Fang the Peltast (Gargoyle Fighter)                Turns: 25292, Time: 00:36:59

Health: -3/110     AC: 36    Str: 28    XL:     16   Next: 90%
Magic:  5/5        EV:  3    Int:  6    God:    Trog [******]
Gold:   2200       SH: 21    Dex:  9    Spells: 15/15 levels left

rFire    + . .     SeeInvis .   M - +7 war axe (antimagic)
rCold    . . .     Gourm    .   B - +0 large shield
rNeg     + . .     Faith    .   b - +3 plate armour
rPois    ∞         Spirit   .   g - +2 hat of Qazlal's Favour {MR++}
rElec    +         Reflect  .   w - +2 cloak
rCorr    +         Harm     .   k - -5 pair of gloves of the Monkey {Str+4} (curse)
MR       +++++                  L - +0 pair of boots (curse)
Stlth    ..........             e - amulet of rage
HPRegen  1.28/turn              A - ring of Ephemeral Luck {+Fly rF+ rCorr Str-2 Slay+2}
MPRegen  0.09/turn              z - ring of Syemy {+Inv rPois MR+ Int-4 Stlth+}

@: berserk cooldown, flying, regenerating, slowed, constricted, very slow
A: big wings, negative energy resistance 1, electricity resistance, unbreathing,
petrification resistance, rot immunity, AC +12
a: Stop Flying, Berserk, Trog's Hand, Brothers in Arms, Renounce Religion, Evoke
Berserk Rage, Evoke Invisibility


You were on level 3 of the Snake Pit.
You worshipped Trog.
Trog was exalted by your worship.
You were near starving.

You visited 5 branches of the dungeon, and saw 27 of its levels.

You collected 2619 gold pieces.
You spent 419 gold pieces at shops.

Inventory:

Hand Weapons
 a - a +2 broad axe of freezing
 n - a +2 war axe of draining
 M - a +7 antimagic war axe (weapon)
Armour
 b - a +3 plate armour (worn)
 g - the +2 hat of Qazlal's Favour (worn) {MR++}
   (You found it on level 14 of the Dungeon)

   It affects your resistance to hostile enchantments.
 k - the cursed -5 pair of gloves of the Monkey (worn) {Str+4}
   (You bought it in a shop on level 2 of the Orcish Mines)

   It affects your strength (+4).
   It has a curse placed upon it.
 w - a +2 cloak (worn)
 B - a +0 large shield (worn)
 L - a cursed +0 pair of boots (worn)
Jewellery
 e - an amulet of rage (around neck)
 z - the ring of Syemy (right hand) {+Inv rPois MR+ Int-4 Stlth+}
   (You found it on level 10 of the Dungeon)

   [ring of poison resistance]

   It affects your intelligence (-4).
   It protects you from poison.
   It affects your resistance to hostile enchantments.
   It lets you turn invisible.
   It makes you more stealthy.
 A - the ring of Ephemeral Luck (left hand) {+Fly rF+ rCorr Str-2 Slay+2}
   (You found it on level 1 of the Lair of Beasts)

   [ring of resist corrosion]

   It affects your strength (-2).
   It affects your accuracy and damage with ranged weapons and melee attacks
   (+2).
   It protects you from fire.
   It lets you fly.
   It provides partial protection from all sources of acid and corrosion.
 K - an uncursed ring of protection from fire
 N - an uncursed ring of stealth {unknown}
Wands
 d - a wand of digging (17)
 i - a wand of flame (34)
 j - a wand of acid (17)
 o - a wand of iceblast (14)
 p - a wand of scattershot (5)
 C - a wand of enslavement (12)
 J - a wand of paralysis (5)
Scrolls
 h - 11 scrolls of remove curse
 m - 4 scrolls of magic mapping
 q - 7 scrolls of identify
 u - 7 scrolls of teleportation
 y - 2 scrolls of fog
 E - 2 scrolls of summoning
 F - a scroll of blinking
 H - 2 scrolls of fear
Potions
 f - 2 potions of resistance
 l - 9 potions of curing
 r - 3 potions of heal wounds
 s - a potion of ambrosia
 t - 3 potions of haste
 v - 5 potions of mutation
 x - 2 potions of agility
 D - 2 potions of invisibility
 G - a potion of might
 I - a potion of berserk rage
Comestibles
 c - 45 rations


   Skills:
 + Level 16.0 Fighting
 + Level 13.7 Axes
 + Level 16.0 Armour
 + Level 16.1 Shields


You had 15 spell levels left.
You didn't know any spells.
Your spell library contained the following spells:

 Spells                   Type           Power        Failure   Level  Hunger
 Beastly Appendage        Tmut           #.....       100%        1    ##.....
 Sticks to Snakes         Tmut           #.......     100%        2    ###....
 Spider Form              Tmut/Pois      #.........   100%        3    ####...
 Ice Form                 Ice/Tmut       #.......     100%        4    #####..
 Blade Hands              Tmut           #.........   100%        5    ######.


Dungeon Overview and Level Annotations

Branches:
Dungeon (15/15)            Temple (1/1) D:5            Lair (6/6) D:9
 Shoals (0/4) Lair:3        Snake (3/4) Lair:3        Slime (0/5) Lair:6
    Orc (2/2) D:10            Elf (0/3) Orc:2        Vaults (0/5) D:13
 Depths (0/5) D:15

Altars:
Ashenzari
Cheibriados
Dithmenos
Elyvilon
Fedhas
Gozag
Hepliaklqana
Kikubaaqudgha
Makhleb
Nemelex Xobeh
Okawaru
Qazlal
Ru
Sif Muna
Trog
Uskayaw
Vehumet
Wu Jian
Xom
Yredelemnul
Zin
The Shining One
Beogh

Shops:
D:4 *}}   D:8 (   D:10 (   Orc:1 (   Orc:2 ::[%?

Portals:
Pandemonium: Orc:2

Annotations:
D:12 3 runed translucent doors, exclusion: orange crystal statue
Lair:2 exclusion: oklob plant


Innate Abilities, Weirdness & Mutations

You are resistant to torment.
Your stone body is resilient. (AC +12)
You are immune to poison.
Your large and strong wings let you fly indefinitely.
You resist negative energy. (rN+)
You are resistant to electric shocks. (rElec)
You can survive without breathing.
You are immune to petrification.
You are immune to rotting.


Message History

You resist. The naga hits you with a +0 trident.
* * * LOW HITPOINT WARNING * * *
The naga grabs you. The naga constricts you.
The naga sharpshooter mumbles some strange words.
The naga sharpshooter magically shoots a bolt.
The bolt hits you.
* * * LOW HITPOINT WARNING * * *
The naga warrior hits you but does no damage.
Your plate armour prevents you from hitting the naga.
The naga is lightly wounded.
You slash the naga warrior! You barely miss the naga sharpshooter.
Your shield and plate armour prevent you from hitting the naga.
You slash the guardian serpent!
The guardian serpent's magic leaks into the air.
You slash the naga sharpshooter!
The naga sharpshooter's magic leaks into the air.
You slash the naga sharpshooter!
The naga sharpshooter's magic leaks into the air.
The guardian serpent hits you!
You die...

....... #(....#
...... ##....##
######
.#######(...N#
...$...(.....##
.......(..§...#
.......(..##..#
..#....().# #.#
. ##..)NNN# #.#
#...N@N# ##
##...SN#
#.....# #.....>
.........
...........
..........###
.......>###


You could see a naga warrior, 3 naga sharpshooters, a guardian serpent and 2
nagas.

Vanquished Creatures
  Vashnia (Snake:3)
  Rupert (Lair:3)
  Frances (D:13)
  A nagaraja (Snake:2)
  Aizul (Snake:2)
  A spectral caustic shrike (D:14)
  An ettin (Orc:1)
  Josephine (D:12)
  4 hydras
  4 vault guards (D:13)
  A catoblepas (D:14)
  6 naga warriors
  An anaconda (Snake:2)
  A spectral stone giant (D:14)
  4 two-headed ogres
  6 orc high priests (Orc:2)
  A tengu warrior (D:13)
  A vampire mage (D:15)
  A death yak (Lair:6)
  4 shock serpents
  Sonja (Lair:1)
  A soul eater (Orc:2)
  4 naga sharpshooters
  Nergalle (Lair:2)
  Urug (Lair:3)
  A fire crab (D:13)
  A salamander mystic (Snake:2)
  6 skeletal warriors (D:15)
  2 sixfirhies (Orc:2)
  A gelid demonspawn (Orc:1)
  2 sea snakes (Snake:2)
  2 unseen horrors (D:10)
  A golden dragon zombie (D:15)
  A torturous demonspawn (Orc:2)
  A flayed ghost (D:13)
  2 naga ritualists
  A wizard (D:14)
  A necromancer (D:15)
  3 mana vipers
  7 orc knights
  6 orc sorcerers
  2 ugly things
  2 wolf spiders (D:15)
  A fire giant zombie (D:15)
  A spectral fire dragon (D:14)
  3 cyclopes
  A frost giant zombie (D:14)
  3 manticores
  5 salamanders
  11 black mambas
  Maurice (D:10)
  6 naga magi
  3 elephants (Lair:5)
  A fire giant skeleton (D:15)
  A yaktaur zombie (D:14)
  13 spiny frogs
  A hellwing (Orc:2)
  6 komodo dragons
  A komodo dragon (shapeshifter) (D:15)
  A rime drake (Lair:6)
  3 yaktaurs (D:14)
  A spriggan skeleton (D:15)
  2 tengu conjurers (D:13)
  7 trolls
  3 polar bears (Lair:6)
  5 hornets
  18 blink frogs
  10 hippogriffs
  9 dream sheep (Lair:6)
  A meliai zombie (D:13)
  14 spriggans (Lair:6)
  Sigmund (D:5)
  2 vampires
  A shadow (D:11)
  An elf simulacrum (D:14)
  7 wyverns
  A fire bat (shapeshifter) (D:15)
  7 wraiths
  25 yaks
  2 vampire mosquitoes (D:14)
  3 basilisks
  5 wargs
  Grum (D:10)
  A hungry ghost (D:8)
  14 water moccasins
  3 soldier ants
  10 nagas
  2 acid dragons
  A porcupine (Lair:3)
  38 orc warriors
  5 sky beasts
  Duvessa (D:5)
  6 black bears
  3 ice beasts
  An eye of draining (D:13)
  4 phantoms
  19 ogres
  34 wolves
  8 crocodiles
  11 centaurs
  4 boggarts (Lair:6)
  2 big kobolds
  12 bullfrogs
  A tengu simulacrum (D:14)
  Dowan (D:5)
  A gnoll sergeant (D:7)
  2 water moccasin skeletons
  2 scorpions
  A killer bee (D:13)
  8 wights
  8 howler monkeys
  9 crimson imps
  3 bullfrog zombies
  6 centaur zombies
  8 jellies
  2 quasits
  30 orc priests
  5 hounds
  A bullfrog skeleton (D:8)
  5 centaur skeletons
  6 iguanas
  20 orc wizards
  4 hell rats (Lair:3)
  8 worker ants
  A hound zombie (D:11)
  2 hound skeletons
  9 gnolls
  14 adders
  A howler monkey skeleton (D:5)
  2 oozes
  3 adder skeletons
  A worm (shapeshifter) (D:13)
  8 worms
  A dart slug (D:1)
  4 leopard geckos
  104 orcs
  9 giant cockroaches
  9 goblins
  7 hobgoblins
  18 jackals
  16 kobolds
  6 quokkas
  A ball python (D:3)
  5 bats
  4 frilled lizards
  A jackal skeleton (D:6)
  2 quokka zombies
  5 rats
  4 fungi
  5 plants
  2 withered plants (D:15)
834 creatures vanquished.

Vanquished Creatures (collateral kills)
  Fannar (D:10)
  The ghost of sanboga the Blocker, a journeyman GrFi of Hepliaklqana (D:14)
  2 hydras
  The ghost of soydivision the Grappler, a novice TrMo (D:10)
  A spectral ice dragon (D:14)
  4 elephants (Lair:2)
  A spiny frog (Lair:1)
  2 vampire mosquitoes (D:14)
  A crimson imp (D:14)
14 creatures vanquished.

Vanquished Creatures (others)
  3 death yaks (Lair:6)
  2 bushes (Lair:6)
  7 fungi
  7 plants
19 creatures vanquished.

Grand Total: 867 creatures vanquished

Notes
Turn   | Place    | Note
-------+----------+-------------------------------------------
     0 | D:1      | Fang the Gargoyle Fighter began the quest for the Orb.
     0 | D:1      | Reached XP level 1. HP: 14/14 MP: 1/1
   311 | D:1      | Reached XP level 2. HP: 18/19 MP: 2/2
   615 | D:2      | Reached XP level 3. HP: 22/23 MP: 3/3
   689 | D:2      | Reached XP level 4. HP: 13/29 MP: 4/4
  1332 | D:3      | Reached XP level 5. HP: 33/33 MP: 5/5
  2150 | D:4      | Noticed an ogre
  2157 | D:4      | Killed an ogre
  2157 | D:4      | Reached XP level 6. HP: 15/39 MP: 6/6
  2525 | D:4      | Found Doamy's Assorted Antiques.
  2924 | D:4      | Found Berphefer's Gadget Boutique.
  2967 | D:4      | Reached skill level 5 in Fighting
  2967 | D:4      | Reached skill level 5 in Shields
  2976 | D:4      | Reached skill level 5 in Armour
  2979 | D:4      | Reached XP level 7. HP: 31/44 MP: 7/7
  3187 | D:4      | Found Geluog's Gadget Shop.
  3327 | D:5      | Entered Level 5 of the Dungeon
  3486 | D:5      | Found a radiant altar of Vehumet.
  3543 | D:5      | Found a staircase to the Ecumenical Temple.
  3551 | D:5      | Reached XP level 8. HP: 37/51 MP: 8/8
  3610 | Temple   | Entered the Ecumenical Temple
  3776 | Temple   | Became a worshipper of Trog the Wrathful
  3897 | D:5      | Found a sacrificial altar of Ru.
  3917 | D:5      | Noticed Duvessa
  3934 | D:5      | Killed Duvessa
  3934 | D:5      | Noticed Dowan
  4272 | D:5      | Killed Dowan
  4358 | D:5      | Noticed Sigmund
  4391 | D:5      | Killed Sigmund
  4414 | D:5      | Reached skill level 5 in Axes
  4699 | D:6      | Reached XP level 9. HP: 56/56 MP: 9/9
  5340 | D:7      | Reached * piety under Trog
  6279 | D:8      | Reached XP level 10. HP: 64/64 MP: 10/10
  6347 | D:8      | Found Tatsem's Antique Weapon Shoppe.
  6390 | D:8      | Reached ** piety under Trog
  7615 | D:9      | Found a staircase to the Lair.
  7879 | D:10     | Entered Level 10 of the Dungeon
  7879 | D:10     | Noticed Grum
  8080 | D:10     | Killed Grum
  8343 | D:10     | Noticed a two-headed ogre
  8347 | D:10     | Reached *** piety under Trog
  8347 | D:10     | Reached XP level 11. HP: 71/71 MP: 11/11
  8349 | D:10     | Noticed a two-headed ogre
  8351 | D:10     | Noticed Fannar
  8354 | D:10     | Killed a two-headed ogre
  8586 | D:10     | Killed a two-headed ogre
  8586 | D:10     | Reached skill level 10 in Fighting
  8586 | D:10     | Reached skill level 10 in Shields
  8644 | D:10     | Found a staircase to the Orcish Mines.
  8654 | D:10     | Found a runed translucent gate.
  8655 | D:10     | Found a runed translucent gate.
  8656 | D:10     | Found a runed translucent gate.
  8657 | D:10     | Noticed a nine-headed hydra
  8658 | D:10     | Noticed soydivision's ghost (novice TrMo)
  8660 | D:10     | Noticed Maurice
  8693 | D:10     | Reached skill level 10 in Armour
  8703 | D:10     | Killed Maurice
  8793 | D:10     | Killed an unseen horror
  8821 | D:10     | Found Ufevod's Weapon Shop.
  8829 | D:10     | Bought a +0 broad axe for 64 gold pieces
  8944 | D:10     | Killed an unseen horror
  9017 | D:10     | Got a clouded bronze ring
  9021 | D:10     | Found a bloodstained altar of Trog.
  9309 | D:11     | Identified the ring of Syemy {+Inv rPois MR+ Int-4 Stlth+}
                  | (You found it on level 10 of the Dungeon)
  9341 | D:11     | Noticed a cyclops
  9350 | D:11     | Killed a cyclops
  9525 | D:11     | Found an opulent altar of Gozag.
  9537 | D:11     | Reached **** piety under Trog
  9611 | D:11     | Noticed a brown ugly thing
  9624 | D:11     | Killed a brown ugly thing
  9725 | D:11     | Noticed a cyclops
  9734 | D:11     | Killed a cyclops
  9734 | D:11     | Reached XP level 12. HP: 64/79 MP: 12/12
  9916 | Lair:1   | Entered Level 1 of the Lair of Beasts
  9976 | Lair:1   | Got a slimy bronze ring
 10102 | Lair:1   | Noticed a six-headed hydra
 10118 | Lair:1   | Killed an 11-headed hydra
 10817 | Lair:1   | Identified the ring of Ephemeral Luck {+Fly rF+ rCorr Str-2
                  | Slay+2} (You found it on level 1 of the Lair of Beasts)
 10827 | Lair:1   | Noticed Sonja
 10858 | Lair:1   | Killed Sonja
 11236 | Lair:2   | Noticed Nergalle
 11270 | Lair:2   | Killed Nergalle
 11671 | Lair:3   | Noticed Urug
 11682 | Lair:3   | Killed Urug
 11683 | Lair:3   | Found a staircase to the Snake Pit.
 11714 | Lair:3   | Reached ***** piety under Trog
 12031 | Lair:3   | Noticed Rupert
 12051 | Lair:3   | Killed Rupert
 12051 | Lair:3   | Reached skill level 10 in Axes
 12051 | Lair:3   | Reached XP level 13. HP: 86/86 MP: 13/13
 12250 | Lair:3   | Found a staircase to the Shoals.
 13632 | Lair:5   | Received a gift from Trog
 13900 | Lair:5   | You fall into a shaft and drop 1 floor!
 13900 | Lair:6   | Entered Level 6 of the Lair of Beasts
 14282 | Lair:6   | Received a gift from Trog
 14302 | Lair:6   | Gained mutation: Your large and strong wings let you fly
                  | indefinitely. [Gargoyle growth]
 14302 | Lair:6   | Reached XP level 14. HP: 86/94 MP: 14/14
 14999 | Lair:6   | Found a staircase to the Slime Pits.
 15580 | D:10     | Killed Fannar
 15889 | D:10     | Killed soydivision's ghost
 16298 | D:12     | Found a runed translucent door.
 16307 | D:12     | Found a runed translucent door.
 16327 | D:12     | Found a runed translucent door.
 16338 | D:12     | Found a runed translucent door.
 16338 | D:12     | Noticed Josephine
 16369 | D:12     | Received a gift from Trog
 16525 | D:12     | Killed Josephine
 17443 | D:13     | Noticed Frances
 17461 | D:13     | Killed Frances
 17544 | D:13     | Found a gate to the Vaults.
 18118 | D:13     | Reached XP level 15. HP: 100/100 MP: 15/15
 18394 | D:14     | Found a runed translucent gate.
 18394 | D:14     | Found a runed translucent gate.
 18395 | D:14     | Found a runed translucent gate.
 18405 | D:14     | Noticed sanboga's ghost (journeyman GrFi)
 18469 | D:14     | Killed sanboga's ghost
 18489 | D:14     | Got a crude hat
 18503 | D:14     | Received a gift from Trog
 18556 | D:14     | Identified the +2 hat of Qazlal's Favour {MR++} (You found
                  | it on level 14 of the Dungeon)
 18727 | D:14     | You are sucked into a shaft and drop 1 floor!
 18727 | D:15     | Entered Level 15 of the Dungeon
 19210 | D:15     | Found a staircase to the Depths.
 20426 | Orc:1    | Entered Level 1 of the Orcish Mines
 20476 | Orc:1    | Received a gift from Trog
 20696 | Orc:2    | Entered Level 2 of the Orcish Mines
 20696 | Orc:2    | Found Kiohaomo's Book Boutique.
 20839 | Orc:2    | Reached skill level 15 in Shields
 20856 | Orc:2    | Reached skill level 15 in Armour
 20858 | Orc:2    | Found a roughly hewn altar of Beogh.
 20869 | Orc:2    | Reached skill level 15 in Fighting
 20884 | Orc:2    | Reached ****** piety under Trog
 20904 | Orc:2    | Found a staircase to the Elven Halls.
 20904 | Orc:2    | Found an iron altar of Okawaru.
 21761 | Orc:2    | Found Qecvugg's Food Shop.
 21762 | Orc:2    | Found Xeseidew's Magic Scroll Boutique.
 22141 | Orc:2    | Received a gift from Trog
 22158 | Orc:2    | Bought a scroll of teleportation for 42 gold pieces
 22638 | Orc:2    | Reached XP level 16. HP: 107/108 MP: 5/16
 22983 | Orc:2    | Found Xaoff's Antique Armour Shoppe.
 22983 | Orc:2    | Found a one-way gate leading to the halls of Pandemonium.
 22983 | Orc:2    | Found Ybawuuhaf's Book Emporium.
 22991 | Orc:2    | Bought a pair of brightly glowing gloves for 313 gold
                  | pieces
 22996 | Orc:2    | Identified the cursed -5 pair of gloves of the Monkey
                  | {Str+4} (You bought it in a shop on level 2 of the Orcish
                  | Mines)
 23059 | Orc:1    | Found Homahoel's Antique Weapon Boutique.
 23462 | Snake:1  | Entered Level 1 of the Snake Pit
 24216 | Snake:1  | Received a gift from Trog
 24255 | Snake:2  | Noticed a nagaraja
 24270 | Snake:2  | Killed a nagaraja
 25070 | Snake:2  | Noticed Aizul
 25086 | Snake:2  | Killed Aizul
 25258 | Snake:3  | Noticed Vashnia
 25284 | Snake:3  | Killed Vashnia
 25292 | Snake:3  | Slain by a guardian serpent

Levels and vault maps discovered:
D:1:      minmay_arrival_stone_box, layout_loops_ring
D:2:      layout_rooms
D:3:      layout_loops_cross, kennysheep_generic_room_14
D:4:      layout_layer_cave, first_ration, serial_shops,
          nicolae_shop_behind_doors, shop, shop_statue
D:5:      minmay_polygon_palace, layout_basic, lemuel_coloured_pillars_altar,
          minmay_temple_entry_gardened_gates, basic_altar,
          chequers_serial_rivers_micro_c, uniq_duvessa, uniq_sigmund
D:6:      layout_cave_pools, kennysheep_generic_room_15
D:7:      layout_layer_cave, grunt_ogre_cave
D:8:      layout_cave_pools, serial_rivers, chequers_serial_rivers_small_a,
          chequers_serial_rivers_small_a, chequers_serial_rivers_small_b,
          chequers_serial_rivers_small_b, chequers_serial_rivers_large_a,
          serial_shops, shop_statue, grunt_decor_resistance
D:9:      layout_long_grid, lair_entry_dummy
D:10:     layout_cave_pools, orc_david_3, gammafunk_ghost_hydra_chop,
          lemuel_centaur_altar, uniq_grum, uniq_maurice, uniq_fannar
D:11:     layout_rooms, basic_altar
D:12:     layout_layer_cave, minmay_statue_crystal_thing, uniq_josephine
D:13:     layout_rooms, lightli_vaults_fourway_checkpoint, serial_corexii_hall,
          chequers_hall_statues_corner_a, corexii_hall_statues_i, kb_rosetta,
          uniq_frances
D:14:     layout_roguey, chequers_garden, gammafunk_ghost_necromancy
D:15:     gammafunk_depths_entry_grave, layout_basic, palyth_stone_intersect,
          minivault_27
Temple:   minmay_crystal_snake_temple
Lair:1:   layout_cave_pods, grunt_megastairs_5, uniq_sonja
Lair:2:   layout_hall_layers, lemuel_old_faithful, minmay_lair_oklob_chamber,
          serial_bayou_shore_b, uniq_nergalle
Lair:3:   statuecave_lemuel, layout_small_grid, minmay_shoals_entry_beasts,
          guppyfry_snake_entry_island, uniq_urug, uniq_rupert
Lair:4:   layout_cave_pods, grunt_megastairs_3
Lair:5:   layout_misc_corridors
Lair:6:   minmay_lair_end_enchanted_forest, layout_misc_corridors,
          nicolae_slime_entry_slimehenge, st_stairs_3,
          chequers_serial_rivers_marsh, lemuel_fruit_tree
Snake:1:  layout_onion, grunt_megastairs_4
Snake:2:  layout_grid_maze, guppyfry_snake_island, uniq_aizul
Snake:3:  layout_cave_town, uniq_vashnia
Orc:1:    layout_caves, serial_shops, shop
Orc:2:    pf_orc_diabolical, layout_caves, basic_altar, serial_shops,
          nicolae_shop_statue_plus, okawaru_metal_pillars_3

Skill      XL: |  1  2  3  4  5  6  7  8  9 10 11 12 13 14 15 16 |
---------------+-------------------------------------------------+-----
Axes           | 2 3 4 5 6 7 9 10 11 12 13 | 13.7
Fighting       | 4 5 6 8 9 10 12 13 14 15 16 | 16.0
Armour         | 4 5 6 8 9 10 12 13 14 15 16 | 16.0
Shields        | 4 5 6 8 9 10 12 13 14 15 16 | 16.1

Action                   |  1- 3 |  4- 6 |  7- 9 | 10-12 | 13-15 | 16-18 || total
-------------------------+-------+-------+-------+-------+-------+-------++-------
Melee: War axe           |    74 |   216 |   465 |   626 |  1627 |   376 ||  3384
Invok: Berserk           |       |       |       |     6 |    12 |     3 ||    21
       Trog's Hand       |       |       |       |     1 |     3 |     1 ||     5
       Brothers in Arms  |       |       |       |     1 |     5 |       ||     6
 Abil: Evoke Berserk Rag |     1 |     1 |     2 |       |       |       ||     4
       Fly               |       |       |       |       |     1 |       ||     1
  Use: Scroll            |       |     6 |     9 |    17 |     8 |       ||    40
       Potion            |       |     1 |     1 |       |     2 |       ||     4
 Stab: Distracted        |       |       |       |       |     1 |       ||     1
  Eat: Chunk             |       |     9 |    10 |    23 |    42 |    11 ||    95
       Ration            |       |       |     1 |     2 |     3 |       ||     6
Armor: Scale mail        |    53 |   126 |       |       |       |       ||   179
       Plate armour      |       |    35 |   430 |   643 |  1151 |   240 ||  2499
Dodge: Dodged            |    29 |    83 |    91 |   115 |   278 |    52 ||   648
Block: Shield            |    50 |   150 |   284 |   138 |       |       ||   622
       Large shield      |       |       |       |   495 |  1799 |   437 ||  2731
